 Dungeon Crawl Stone Soup version 0.18-a0-1694-g9f731c2 (webtiles) character file.

1908 Eucla the Nimble (level 8, -17/46 HPs)
             Began as a Spriggan Gladiator on Apr 5, 2016.
             Was a Believer of Okawaru.
             Hit by a tomahawk thrown by an orc warrior (19 damage)
             ... on level 7 of the Dungeon.
             The game lasted 00:09:20 (9126 turns).

Eucla the Nimble (Spriggan Gladiator)               Turns: 9126, Time: 00:09:20

Health: -17/46     AC:  5    Str: 13    XL:     8   Next: 94%
Magic:  7/9        EV: 29    Int: 10    God:    Okawaru [**....]
Gold:   292        SH:  0    Dex: 16    Spells: 0 memorised, 7 levels left

rFire  . . .     SeeInvis +     a - +1 quarterstaff
rCold  . . .     Gourm    .     b - +0 robe
rNeg   . . .     Faith    .     (shield currently unavailable)
rPois  .         Spirit   .     c - +0 hat
rElec  .         Dismiss  .     D - +2 cloak
rCorr  .         Reflect  .     (gloves unavailable)
SustAt .         Harm     .     (boots unavailable)
MR     +....                    (no amulet)
Stlth  +++.......               (no ring)
                                (no ring)

@: heroism, very quick, somewhat resistant to hostile enchantments, fairly
stealthy
A: unfitting armour, see invisible, herbivore 3, speed 3, slow metabolism 2
a: Heroism, Renounce Religion


You were on level 7 of the Dungeon.
You worshipped Okawaru.
Okawaru was pleased with you.
You were not hungry.

You visited 2 branches of the dungeon, and saw 8 of its levels.

You collected 292 gold pieces.

Inventory:

Hand Weapons
 a - a +1 quarterstaff (weapon)
 e - a +1 vampiric scythe
 r - a +0 spear
Missiles
 d - 3 throwing nets (quivered)
Armour
 b - a +0 robe (worn)
 c - a +0 hat (worn)
 D - a +2 cloak (worn)
Jewellery
 B - an uncursed amulet of faith {unknown}
Wands
 j - a wand of flame (11/48)
Scrolls
 h - a scroll of fear
 l - 2 scrolls of teleportation
 o - a scroll of summoning {unknown}
 p - 4 scrolls of remove curse
 q - 4 scrolls of immolation
 u - a scroll of recharging {unknown}
 x - a scroll of enchant armour {unknown}
 y - 3 scrolls of blinking
 A - a scroll of magic mapping {unknown}
 F - a scroll of identify
Potions
 g - 3 potions of curing
 i - a potion of resistance
 k - 2 potions of heal wounds
 m - a potion of degeneration
 n - 3 potions of flight
 s - 2 potions of magic {unknown}
 t - a potion of brilliance {unknown}
 v - 2 potions of lignification {unknown}
 w - a potion of cure mutation {unknown}
 z - a potion of berserk rage {unknown}
 C - a potion of invisibility {unknown}
Comestibles
 f - 7 bread rations
 E - 5 fruits


   Skills:
 * Level 7.1(12.1) Fighting
 + Level 4.9(9.9) Staves
 - Level 2.0(7.0) Throwing
 + Level 9.2(14.2) Dodging


You had 7 spell levels left.
You didn't know any spells.

Dungeon Overview and Level Annotations

Branches:
Dungeon (7/15)             Temple (1/1) D:4

Altars:
Ashenzari
Cheibriados
Dithmenos
Elyvilon
Fedhas
Gozag
Kikubaaqudgha
Makhleb
Nemelex Xobeh
Okawaru
Pakellas
Qazlal
Ru
Sif Muna
Trog
Vehumet
Xom
Yredelemnul
Zin
The Shining One

Annotations:
D:5 Eucla's ghost, novice TrMo


Innate Abilities, Weirdness & Mutations

You are tiny and cannot use many weapons and most armour.
You have supernaturally acute eyesight.
You are a herbivore.
You cover ground extremely quickly.
You need consume almost no food.


Message History

The orc warrior is lightly wounded.
The orc warrior completely misses you.
Unknown command.
You closely miss the orc warrior.
The orc warrior is lightly wounded.
Unknown command.
You hit the orc warrior but do no damage.
The orc warrior is lightly wounded.
Unknown command.
You barely miss the orc warrior.
The orc warrior is lightly wounded.
The orc warrior misses you. The orc hits you with a dagger.
Unknown command.
You hit the orc warrior.
The orc warrior is moderately wounded.
The orc warrior hits you with a mace!
* * * LOW HITPOINT WARNING * * *
The orc closely misses you.
The orc warrior throws a tomahawk.
The tomahawk hits you!!
You die...

#.... #..)# ... #...#
.....# #...# ..._.# #...# .
#...... ... ...
####.$..######## #)# #..##
#.........#....###o##......
'.........#.#...@..o...#
#....(..###.#......#.......
........#......%...#.#.####
........#+#.......(#.# #
................####.#
......##........+ .#
......##........# ##
......##...........
......##........(##


You could see an orc warrior and an orc.

Vanquished Creatures
  Sigmund (D:3)
  A spriggan (D:7)
  2 black bears (D:6)
  An ogre (D:4)
  2 phantoms
  A centaur (D:6)
  3 giant frogs
  A water moccasin skeleton (D:6)
  5 wights (D:6)
  A crimson imp (D:6)
  2 centaur skeletons (D:6)
  A hound (D:4)
  An orc wizard (D:7)
  Ijyb (D:3)
  2 iguanas
  3 worker ants
  A hound zombie (D:6)
  2 hound skeletons
  A worker ant zombie (D:7)
  4 gnolls (D:6)
  13 adders
  An ooze (D:1)
  2 adder skeletons
  2 worms
  2 dart slugs (D:1)
  5 giant geckos
  3 orcs
  8 giant cockroaches
  5 goblins
  8 hobgoblins
  20 jackals
  2 quokkas
  5 ball pythons (D:2)
  A ball python skeleton (D:5)
  A ball python zombie (D:5)
  8 bats
  3 giant newts
  A jackal skeleton (D:4)
  9 kobolds
  A quokka skeleton (D:5)
  9 rats
145 creatures vanquished.

Vanquished Creatures (others)
  An orc wizard (D:7)
1 creature vanquished.

Grand Total: 146 creatures vanquished

Notes
Turn   | Place    | Note
--------------------------------------------------------------
     0 | D:1      | Eucla the Spriggan Gladiator began the quest for the Orb.
     0 | D:1      | Reached XP level 1. HP: 10/10 MP: 2/2
   684 | D:1      | Reached XP level 2. HP: 15/15 MP: 3/3
   921 | D:1      | Reached skill level 5 in Dodging
  1144 | D:1      | Reached XP level 3. HP: 18/18 MP: 4/4
  2193 | D:2      | Reached XP level 4. HP: 23/23 MP: 5/5
  3017 | D:3      | Reached XP level 5. HP: 28/28 MP: 6/6
  3438 | D:3      | Noticed Ijyb
  3468 | D:3      | Killed Ijyb
  3488 | D:3      | Noticed Sigmund
  3907 | D:3      | Killed Sigmund
  3907 | D:3      | Reached skill level 6 in Dodging
  3907 | D:3      | Reached XP level 6. HP: 33/33 MP: 7/7
  4011 | D:3      | Found an opulent altar of Gozag.
  4614 | D:4      | Reached skill level 7 in Dodging
  4614 | D:4      | Reached XP level 7. HP: 12/38 MP: 8/8
  4846 | D:4      | Found a staircase to the Ecumenical Temple.
  4866 | Temple   | Entered the Ecumenical Temple
  5471 | D:5      | Entered Level 5 of the Dungeon
  5862 | D:5      | Reached skill level 5 in Fighting
  6124 | D:5      | Found a bloodstained altar of Trog.
  6127 | D:5      | Found a glowing silver altar of Zin.
  6132 | D:5      | Found a blossoming altar of Fedhas.
  6133 | D:5      | Found an iron altar of Okawaru.
  6134 | D:5      | Found a deep blue altar of Sif Muna.
  6139 | D:5      | Became a worshipper of Warmaster Okawaru
  6538 | D:5      | Noticed Eucla's ghost (novice TrMo)
  6539 | D:5      | Found a shadowy altar of Dithmenos.
  7566 | D:6      | Reached XP level 8. HP: 42/44 MP: 9/9
  7596 | D:6      | Reached skill level 8 in Dodging
  7831 | D:6      | Reached * piety under Okawaru
  8006 | D:6      | Found a sparkling altar of Nemelex Xobeh.
  8976 | D:7      | Reached ** piety under Okawaru
  8976 | D:7      | Reached skill level 9 in Dodging
  9026 | D:7      | Found a sparkling altar of Nemelex Xobeh.
  9057 | D:7      | Found a shattered altar of Ashenzari.
  9124 | D:7      | HP: 1/46 [orc warrior/mace (14)]
  9126 | D:7      | Hit by a tomahawk thrown by an orc warrior

Vault maps used:
D:1:      dpeg_arrival_simpleton_b
D:2:      wad_crossroads, minmay_snake_closets
D:3:      marbit_many_paths, first_bread, uniq_iyjb, uniq_sigmund
D:4:      minmay_temple_entry_trees
D:5:      minitemple, nicolae_overflow_crystal_walls
D:6:      basic_altar, hangedman_decor_opposing
D:7:      kennysheep_windowed_halls, overflow_temple_1_default, basic_altar,
          the_bakery, uniq_menkaure
Temple:   zaba_magenta_temple_12

Skill      XL: |  1  2  3  4  5  6  7  8 |
---------------+-------------------------+-----
Fighting       | 2 3 4 5 7 |  7.1
Dodging        | 5 6 7 9 |  9.2
Staves         | 3 4 |  4.9
Throwing       | |  2.0

Action                   |  1- 3 |  4- 6 |  7- 9 || total
-------------------------+-------+-------+-------++-------
Melee: Quarterstaff      |   107 |   185 |   307 ||   599
       Spear             |       |       |    29 ||    29
Invok: Heroism           |       |       |     1 ||     1
  Use: Scroll            |       |    11 |     1 ||    12
       Potion            |       |       |     2 ||     2
 Stab: Sleeping          |     4 |     7 |     2 ||    13
       Distracted        |       |     1 |       ||     1
  Eat: Fruit             |       |     1 |       ||     1
       Bread ration      |       |       |     1 ||     1
